 Dungeon Crawl Stone Soup version 0.31-a0-313-g785cd24033 (webtiles) character file.

Game seed: 8342843550041670169

18137 Gargoyl the Cleaver (level 12, -1/78 HPs)
             Began as a Gargoyle Berserker on July 17, 2023.
             Was a Priest of Trog.
             Engulfed by a fire crab's flame (21 damage)
             ... on level 3 of the Lair of Beasts.
             The game lasted 00:14:35 (12136 turns).

Gargoyl the Cleaver (Gargoyle Berserker)           Turns: 12136, Time: 00:14:35

Health: -1/78      AC: 26    Str: 20    XL:     12   Next: 55%
Magic:  12/12      EV: 18    Int: 10    God:    Trog [***...]
Gold:   678        SH:  5    Dex: 13    Spells: 11/11 levels left

rFire   . . .        B - +1 hand axe (flame)
rCold   . . .        (no shield)
rNeg    + . .        r - +0 swamp dragon scales
rPois   ∞            (no helmet)
rElec   +            u - +0 cloak
rCorr   .            (no gloves)
SInv    .            d - +1 pair of boots
Will    .....        w - amulet of reflection
Stlth   ++           h - +4 ring of protection
HPRegen 0.33/turn    v - +5 ring of evasion
MPRegen 0.13/turn

%: reflection
@: on berserk cooldown, slowed, very slow
A: sickness immunity, AC +8, negative energy resistance 1, electricity
resistance, torment resistance 1, petrification resistance
a: Renounce Religion, Berserk, Trog's Hand


You were on level 3 of the Lair of Beasts.
You worshipped Trog.
Trog was most pleased with you.
You visited 2 branches of the dungeon, and saw 12 of its levels.

You collected 678 gold pieces.

Inventory:

Hand Weapons
 a - a +3 hand axe
 b - a +1 flail of protection
 B - a +1 hand axe of flaming (weapon)
Missiles
 x - 2 throwing nets
Armour
 d - a +1 pair of boots (worn)
 r - +0 swamp dragon scales (worn)
 u - a +0 cloak (worn)
Jewellery
 h - a +4 ring of protection (left hand)
 s - a ring of willpower
 v - a +5 ring of evasion (right hand)
 w - an amulet of reflection (around neck)
 C - an amulet of regeneration
Talismans
 i - a beast talisman
Wands
 q - a wand of digging (17)
 z - a wand of charming (6)
 A - a wand of polymorph (3)
Scrolls
 c - 4 scrolls of teleportation
 m - a scroll of butterflies
 y - a scroll of fear {unknown}
Potions
 e - 2 potions of enlightenment
 f - 2 potions of ambrosia
 g - a potion of lignification
 j - a potion of mutation
 k - a potion of haste
 n - a potion of resistance
 o - a potion of attraction {unknown}
 p - a potion of berserk rage {unknown}
 t - a potion of heal wounds {unknown}


   Skills:
 + Level 10.4 Fighting
 + Level 13.2 Axes
 + Level 2.7 Staves
 + Level 8.4 Armour
 + Level 6.1 Dodging
 + Level 3.3 Stealth
 + Level 4.2 Shields


You had 11 spell levels left.
You didn't know any spells.
Your spell library was empty.

Dungeon Overview and Level Annotations

Branches:
Dungeon (9/15)             Temple (0/1) D:5            Lair (3/5) D:9
  Swamp (0/4) Lair:2
  Snake: Lair:2-3    Spider: Lair:2-3       Orc: D:9-12

Altars:
Cheibriados
Dithmenos
Fedhas
Hepliaklqana
Kikubaaqudgha
Makhleb
Nemelex Xobeh
Okawaru
Ru
Sif Muna
Wu Jian
Yredelemnul
Zin


Innate Abilities, Weirdness & Mutations

You are immune to sickness and miasma.
Your stone body is resilient. (AC +8)
You are immune to poison.
You resist negative energy. (rN+)
You are resistant to electric shocks. (rElec)
You are resistant to unholy torment.
You are immune to petrification.


Message History

Unknown command.
You barely miss the fire crab. The fire crab breathes flames at you.
The blast of flame engulfs you but does no damage.
A red film seems to cover your vision as you go berserk!
You feel yourself moving faster!
You feel mighty!
You are engulfed in blazing flames.
The fire crab breathes flames at you.
The blast of flame engulfs you but does no damage.
You slash the fire crab!
The fire crab is moderately wounded.
You are engulfed in blazing flames.
Unknown command.
You barely miss the fire crab.
The fire crab is moderately wounded.
You are engulfed in blazing flames.
* * * LOW HITPOINT WARNING * * *
The fire crab breathes flames at you.
The blast of flame engulfs you but does no damage.
Unknown command.
You hit the fire crab but do no damage.
The fire crab is moderately wounded.
You are engulfed in blazing flames.
* * * LOW HITPOINT WARNING * * *
Unknown command.
You barely miss the fire crab.
The fire crab is moderately wounded.
You are engulfed in blazing flames.
* * * LOW HITPOINT WARNING * * *
The fire crab breathes flames at you.
The blast of flame engulfs you but does no damage.
You are too berserk!
You feel a strong urge to attack something.
You feel your anger nearly subside.
You are no longer berserk.
You are exhausted.
You feel yourself slow down. The fire crab breathes flames at you.
The blast of flame engulfs you but does no damage.
You feel better.
You are engulfed in blazing flames.
You die...

### ### #####P##
#..###########°○t$..##
###....##....#°°@#......##
#..#..#..#.?..°°°##......#.
..............°°°°...........
..P##.#PP.....°.#.#$..######.
....#.###.#...#########
......###..#### .......P##.##
##..........###
##.#............


You could see a fire crab.

Vanquished Creatures
  Harold (D:9)
  A hydra (Lair:3)
  Erica (Lair:1)
  The ghost of twist the Martial Artist, a journeyman OpSh of Gozag (Lair:1)
  A skyshark (Lair:3)
  3 elephants (Lair:2)
  A black mamba (Lair:1)
  7 cane toads
  Maggie (D:6)
  A komodo dragon (Lair:1)
  A rime drake (D:9)
  2 trolls (D:9)
  14 blink frogs
  3 hornets
  Prince Ribbit (D:6)
  Sigmund (D:2)
  A shadow (Lair:1)
  4 wyverns
  12 yaks
  A steam dragon (D:9)
  4 water moccasins
  A sky beast (D:8)
  7 ice beasts
  A black bear (D:6)
  2 wolves
  An ogre (D:4)
  7 centaurs
  4 phantoms
  A kobold brigand (D:7)
  7 bullfrogs
  3 scorpions
  7 wights (D:8)
  A howler monkey (D:3)
  4 electric eels
  5 orc priests
  Crazy Yiuf (D:6)
  8 hounds
  A sleepcap (D:5)
  4 gnoll boudas
  2 iguanas
  6 orc wizards
  24 gnolls
  11 adders
  An ufetubus (D:5)
  7 dart slugs
  34 orcs
  7 ball pythons
  4 bats
  4 endoplasms
  6 giant cockroaches
  4 hobgoblins
  12 kobolds
  4 quokkas
  4 frilled lizards
  7 goblins
  A rat (D:2)
265 creatures vanquished.

Notes
Turn   | Place    | Note
-------+----------+-------------------------------------------
     0 | D:1      | Gargoyl the Gargoyle Berserker began the quest for the Orb.
     0 | D:1      | Reached XP level 1. HP: 14/14 MP: 1/1
   197 | D:1      | Reached XP level 2. HP: 19/19 MP: 2/2
   539 | D:1      | Reached skill level 3 in Axes
   653 | D:2      | Reached XP level 3. HP: 24/24 MP: 3/3
   723 | D:2      | Reached XP level 4. HP: 29/29 MP: 4/4
   744 | D:2      | Noticed Sigmund
   758 | D:2      | Killed Sigmund
   759 | D:2      | Reached skill level 4 in Axes
   759 | D:2      | Reached XP level 5. HP: 28/34 MP: 5/5
   896 | D:2      | Reached XP level 6. HP: 39/39 MP: 6/6
  1126 | D:2      | Reached ** piety under Trog
  1564 | D:3      | Reached skill level 5 in Axes
  1872 | D:4      | Reached skill level 5 in Fighting
  1960 | D:4      | Reached XP level 7. HP: 44/44 MP: 7/7
  2169 | D:4      | Found an ornate altar of the Wu Jian Council.
  2403 | D:4      | Reached skill level 6 in Axes
  3095 | D:4      | Found a shadowy altar of Dithmenos.
  3146 | D:5      | Entered Level 5 of the Dungeon
  3251 | D:5      | Found a staircase to the Ecumenical Temple.
  3318 | D:5      | Reached XP level 8. HP: 50/50 MP: 8/8
  3383 | D:5      | Reached skill level 7 in Axes
  3894 | D:5      | Reached skill level 5 in Armour
  3894 | D:5      | Reached *** piety under Trog
  4058 | D:5      | Reached skill level 8 in Axes
  4444 | D:6      | Reached skill level 1 in Stealth
  4507 | D:6      | Reached XP level 9. HP: 45/55 MP: 9/9
  4635 | D:6      | Noticed Prince Ribbit
  4644 | D:6      | Killed Prince Ribbit
  4716 | D:6      | Noticed Maggie
  4742 | D:6      | Killed Maggie
  4743 | D:6      | Reached skill level 9 in Axes
  5608 | D:6      | Found a runed translucent door.
  5609 | D:6      | Noticed Crazy Yiuf
  5615 | D:6      | Killed Crazy Yiuf
  5718 | D:7      | Found a snail-covered altar of Cheibriados.
  5739 | D:7      | Reached skill level 1 in Staves
  5946 | D:7      | Found a sparkling altar of Nemelex Xobeh.
  5947 | D:7      | Found an ancient bone altar of Kikubaaqudgha.
  6059 | D:7      | Found a sacrificial altar of Ru.
  6546 | D:8      | Reached XP level 10. HP: 58/63 MP: 10/10
  6732 | D:8      | Reached skill level 10 in Axes
  7154 | D:9      | Found a staircase to the Lair.
  7172 | Lair:1   | Entered Level 1 of the Lair of Beasts
  7465 | D:9      | Found a shimmering blue altar of Sif Muna.
  7482 | D:9      | Found a basalt altar of Yredelemnul.
  7483 | D:9      | Found a blossoming altar of Fedhas.
  7484 | D:9      | Found a burning altar of Makhleb.
  7579 | D:9      | Found a hazy altar of Hepliaklqana.
  7620 | D:9      | Reached skill level 11 in Axes
  7643 | D:9      | Found an iron altar of Okawaru.
  7744 | D:9      | Noticed Harold
  7764 | D:9      | Killed Harold
  7765 | D:9      | Reached skill level 1 in Shields
  7765 | D:9      | Reached XP level 11. HP: 69/69 MP: 11/11
  8601 | Lair:1   | Noticed Erica
  8613 | Lair:1   | Killed Erica
  9232 | Lair:1   | Found a runed translucent door.
  9245 | Lair:1   | Noticed twist's ghost (journeyman OpSh)
  9856 | Lair:1   | Killed twist's ghost
  9857 | Lair:1   | Reached skill level 12 in Axes
  9857 | Lair:1   | Reached skill level 5 in Dodging
 10350 | Lair:2   | Reached XP level 12. HP: 57/77 MP: 12/12
 10635 | Lair:2   | Found a staircase to the Swamp.
 10640 | Lair:2   | Reached skill level 10 in Fighting
 10880 | Lair:2   | Found a glowing silver altar of Zin.
 10951 | Lair:2   | Reached skill level 13 in Axes
 11869 | Lair:3   | Noticed a skyshark
 11883 | Lair:3   | Killed a skyshark
 11985 | Lair:3   | Noticed a four-headed hydra
 11996 | Lair:3   | Killed a one-headed hydra
 12136 | Lair:3   | Engulfed by a fire crab's flame

Illustrated notes

Levels and vault maps discovered:
D:1:      amcnicky_arrival_wind_blow, layout_basic
D:2:      layout_basic, nicolae_grassy_gnolls, uniq_sigmund
D:3:      layout_basic, kennysheep_generic_room_9
D:4:      layout_basic, mainiacjoe_overflow_paths,
          nicolae_dithmenos_through_a_glass_darkly
D:5:      layout_loops_ring, minmay_temple_entry_poolview,
          minmay_chambers_of_fives
D:6:      layout_loops_corners, uniq_prince_ribbit1, uniq_crazy_yiuf_cottage,
          uniq_maggie
D:7:      layout_rooms, nicolae_ru_path_of_blood, kennysheep_slug_shrine,
          nicolae_overflow_squiral
D:8:      layout_basic
D:9:      layout_loops_ring, minitemple, okawaru_metal_pillars_3,
          hellmonk_lair_entry_icy, uniq_harold
Lair:1:   layout_cave_pods, ebering_ghost_reflecting_pool,
          portal_ice_cave_entry_pillars_1, uniq_erica
Lair:2:   layout_small_grid, swamp_mist_pool, serial_bayou, serial_bayou_pond_d,
          serial_bayou_lagoon_a, serial_bayou_lake_a, serial_bayou_pond_e,
          serial_bayou_pond_a, serial_bayou_ford_a,
          nicolae_quartered_pool_impasse, lemuel_centaur_altar
Lair:3:   layout_misc_corridors, spider_nest_entry_funnel_web,
          serial_bayou_shore_a

Skill      XL: |  1  2  3  4  5  6  7  8  9 10 11 12 |
---------------+-------------------------------------+-----
Axes           | 3 4 5 6 8 9 11 12 13 | 13.2
Fighting       | 4 5 6 7 8 9 10 | 10.4
Dodging        | 2 3 4 5 6 |  6.1
Armour         | 3 4 5 6 7 8 |  8.4
Stealth        | 1 2 3 |  3.3
Staves         | 2 |  2.7
Shields        | 1 3 4 |  4.2

Action                     |  1- 3 |  4- 6 |  7- 9 | 10-12 || total
---------------------------+-------+-------+-------+-------++-------
  Melee: Hand axe          |    60 |   107 |   507 |   637 ||  1311
         Punch             |       |       |     6 |     9 ||    15
         Quarterstaff      |       |       |    22 |       ||    22
 Invoke: Berserk           |     2 |     3 |     8 |    17 ||    30
         Trog's Hand       |       |     2 |     2 |    10 ||    14
    Use: Scroll            |     4 |     2 |    10 |     7 ||    23
         Potion            |       |       |     2 |     1 ||     3
   Stab: Sleeping          |       |       |       |     2 ||     2
 Armour: Animal skin       |    16 |       |       |       ||    16
         Chain mail        |    10 |    66 |       |       ||    76
         Plate armour      |       |       |   293 |       ||   293
         Swamp dragon scal |       |       |    86 |   335 ||   421
  Dodge: Dodged            |    51 |    52 |   192 |   371 ||   666
  Block: Other             |       |       |       |    99 ||    99
         Reflection        |       |       |       |    15 ||    15

Table legend: (Time is in decaauts)
 A = Elapsed time spent in this place.
 B = Non-inter-level travel time spent in this place.
 C = Inter-level travel time spent in this place.
 D = Time resting spent in this place.
 E = Time spent auto-exploring this place.
 F = Levels seen in this place.
 G = Mean time per level.
                   A        B        C        D        E       F      G
               +--------+--------+--------+--------+--------+-----+--------+
         Total |  12219 |  11909 |    310 |    670 |   8449 |  12 | 1018.2 |
       Dungeon |   8334 |   8070 |    264 |    154 |   5975 |   9 |  926.0 |
          Lair |   3884 |   3838 |     46 |    516 |   2473 |   3 | 1294.7 |
               +--------+--------+--------+--------+--------+-----+--------+

Top non-repeatable levels by time:
  Lair:2: 1814 daAuts
  Lair:1: 1709 daAuts
     D:4: 1353 daAuts
     D:6: 1313 daAuts
     D:5: 1254 daAuts
     D:9: 1138 daAuts
     D:7: 724 daAuts
     D:8: 696 daAuts
     D:2: 681 daAuts
     D:3: 606 daAuts
     D:1: 567 daAuts
  Lair:3: 361 daAuts
